Map: [ESL] Goldenaura

Players

Jieshi

  • Race: Protoss Protoss
  • Spawn Location: 5:00

Coffee - Winner!

  • Race: Terran Terran
  • Spawn Location: 12:00

Event: ESL SC2 Masters 2024 Spring (Regional)

VOD

Have the link to the VOD?

Description

Time

  • Played on: April 27, 2024, 6:48 a.m.
  • Length: 7:33

All games in this series

Show
View Real Time Build Order
Export as new Build Order

Jieshi Protoss 

Build Orders: 1 Gate Expand 

Get SALT Encoding   

  12  0:00  Probe  
  13  0:12  Probe  
  14  0:18  Pylon  
  14  0:25  Probe (Chrono Boost)  
  15  0:37  Gateway, Probe (Chrono Boost)  
  16  0:44  Probe (Chrono Boost)  
  16  0:47  Assimilator  
  17  0:51  Probe  
  18  1:03  Probe  
  19  1:15  Probe  
  20  1:24  Cybernetics Core  
  20  1:31  Probe  
  21  1:38  Nexus  
  21  1:42  Pylon  
  21  1:45  Probe  
  22  1:50  Assimilator  
  22  1:57  Probe  
  22  1:58  Adept (Chrono Boost)  
  25  2:03  Warp Gate  
  25  2:09  Probe  
  26  2:18  Stalker (Chrono Boost)  
  28  2:27  Shield Battery  
  28  2:28  Probe  
  29  2:38  Twilight Council  
  29  2:40  Probe  
  30  2:49  Stalker (Chrono Boost)  
  32  2:52  Probe x2  
  34  3:04  Probe x2  
  34  3:13  Stalker (Chrono Boost)  
  34  3:15  Gateway  
  34  3:16  Charge (Chrono Boost)  
  34  3:19  Probe  
  37  3:22  Probe  
  38  3:31  Probe  
  39  3:34  Probe  
  37  3:43  Probe  
  34  3:50  Probe  
  34  3:54  Zealot  
  35  3:55  Probe  
  36  4:05  Probe (Chrono Boost), Robotics Facility  
  36  4:08  Probe (Chrono Boost)  
  38  4:13  Nexus  
  38  4:17  Probe (Chrono Boost)  
  40  4:18  Probe (Chrono Boost)  
  40  4:20  Pylon  
  40  4:22  Probe (Chrono Boost)  
  40  4:23  Probe (Chrono Boost)  
  42  4:34  Probe  
  42  4:35  Probe  
  44  4:41  Gateway  
  44  4:43  Gateway  
  44  4:44  Zealot  
  46  4:46  Zealot  
  46  4:49  Probe  
  46  4:52  Pylon  
  49  4:53  Probe  
  49  4:55  Observer  
  51  5:00  Pylon  
  51  5:01  Probe  
  51  5:06  Stalker  
  54  5:12  Probe  
  54  5:13  Probe  
  56  5:15  Observer, Zealot  
  52  5:21  Forge  
  52  5:25  Probe (Chrono Boost)  
  52  5:30  Probe (Chrono Boost)  
  52  5:31  Probe (Chrono Boost)  
  54  5:36  Probe (Chrono Boost)  
  54  5:38  Templar Archives  
  54  5:41  Probe (Chrono Boost), Zealot  
  57  5:43  Probe (Chrono Boost)  
  57  5:44  Probe (Chrono Boost)  
  57  5:49  Probe (Chrono Boost), Assimilator  
  60  5:51  Assimilator  
  60  5:56  Probe x2 (Chrono Boost)  
  63  5:57  Probe (Chrono Boost)  
  63  6:04  Probe x2  
  59  6:16  Probe x2  
  60  6:28  Probe x2  
  61  6:37  Pylon  
  59  6:40  Probe x2  
  59  6:43  Gateway x2  
  61  6:47  Gateway  
  61  6:52  Probe x2  
  63  7:00  Zealot x4  
  71  7:05  Probe  
  71  7:06  Probe x2  
  64  7:17  Probe  
  64  7:18  Probe  
  64  7:22  Zealot  
  64  7:27  Zealot  
Show
View Real Time Build Order
Export as new Build Order

Coffee Terran - Winner!

Build Orders:  

Get SALT Encoding   

  12  0:00  SCV  
  13  0:12  SCV  
  14  0:16  Supply Depot  
  14  0:24  SCV  
  14  0:28  Refinery  
  15  0:38  SCV  
  16  0:46  Barracks  
  16  0:51  SCV  
  17  1:04  SCV  
  18  1:15  Engineering Bay  
  18  1:16  SCV  
  19  1:33  Marine  
  19  1:34  Orbital Command  
  19  1:39  Factory  
  20  1:51  Supply Depot  
  20  1:52  Barracks Reactor  
  20  1:59  SCV  
  21  2:09  Bunker  
  21  2:11  SCV  
  22  2:27  Supply Depot  
  22  2:31  Hellion x2  
  22  2:32  SCV  
  27  2:41  Command Center  
  27  2:52  Hellion x2  
  31  3:00  SCV  
  32  3:05  Refinery  
  32  3:09  Barracks  
  32  3:19  Factory Tech Lab, Marine x2  
  34  3:22  SCV  
  35  3:34  SCV  
  36  3:36  Marine  
  36  3:37  Marine  
  38  3:41  Siege Tank  
  37  3:52  SCV  
  37  3:53  Orbital Command  
  37  3:54  Marine x2  
  40  3:58  Barracks Tech Lab  
  40  4:04  SCV  
  40  4:06  Starport  
  41  4:12  Orbital Command  
  41  4:15  Siege Tank  
  44  4:18  Stimpack  
  44  4:22  SCV  
  45  4:25  Marine  
  45  4:27  Marine  
  45  4:28  Marine  
  48  4:35  Supply Depot  
  48  4:37  SCV  
  49  4:40  SCV  
  49  4:45  Medivac  
  52  4:49  Marine x2  
  54  4:54  Engineering Bay  
  54  4:56  Marine  
  54  4:58  Supply Depot  
  55  5:02  SCV x2  
  57  5:13  Barracks  
  57  5:14  SCV x2  
  59  5:21  Starport Reactor  
  59  5:22  Marine x3  
  59  5:24  Factory Reactor  
  59  5:26  SCV x2  
  60  5:29  Terran Infantry Weapons Level 1  
  60  5:33  Supply Depot  
  60  5:38  SCV x2  
  60  5:39  Refinery  
  60  5:42  Supply Depot  
  62  5:45  Marine x2  
  62  5:46  Marine  
  65  5:51  SCV  
  65  5:53  SCV  
  67  5:57  Combat Shield  
  67  6:02  Marine  
  67  6:03  SCV  
  69  6:05  SCV  
  69  6:08  Medivac x2, Marine x2  
  69  6:10  Widow Mine  
  79  6:11  Widow Mine  
  79  6:14  Marine  
  79  6:16  SCV  
  79  6:17  SCV  
  82  6:19  Supply Depot  
  82  6:27  Marine x3  
  82  6:28  SCV  
  82  6:32  SCV  
  86  6:33  Marine  
  85  6:40  SCV  
  85  6:41  Supply Depot  
  85  6:44  SCV, Supply Depot  
  87  6:48  Medivac, Marine x2  
  87  6:49  Medivac  
  92  6:58  Marauder  
  92  7:01  Refinery  
  93  7:03  Widow Mine x2, Marauder  
  93  7:08  Marine x2  
  101  7:10  SCV  
  95  7:15  Supply Depot  
Tags
 
Add a new tag
Caveats
  • Supply blocks, unpowered buildings, or Contaminate may cause inaccurate times.
  • Supply counts are checked every 10 seconds.